 Dungeon Crawl Stone Soup version 0.29-a0-364-g921d912d32 (webtiles) character file.

Game seed: 3814945376015760093

100 lesaewzxc the Sneak (level 5, -3/32 HPs)
             Began as a Kobold Brigand on Apr 30, 2022.
             Slain by a river rat (6 damage)
             ... in a sewer.
             The game lasted 00:12:44 (2179 turns).

lesaewzxc the Sneak (Kobold Brigand)                Turns: 2179, Time: 00:12:45

Health: -3/32      AC: 12    Str:  9 (10) XL:     5   Next: 3%
Magic:  5/5        EV:  2    Int: 11 (12) God:
Gold:   117        SH:  5    Dex: 16 (17) Spells: 4/4 levels left

rFire   . . .      SeeInvis .   a - +2 dagger
rCold   . . .      Faith    .   m - +0 buckler {AC+3}
rNeg    . . .      Spirit   .   i - +0 chain mail
rPois   .          Reflect  .   (no helmet)
rElec   .          Harm     .   c - +0 cloak
rCorr   .          Rampage  .   (no gloves)
Will    .....                   (no boots)
Stlth   +.........              (no amulet)
HPRegen 0.10/turn               (no ring)
MPRegen 0.09/turn               (no ring)

@: constricted, very slow
A: small, no large weapons, nightstalker 3
a: no special abilities


You were in a sewer.
You visited 1 branch of the dungeon, and saw 4 of its levels.
You also visited: Sewer.

You collected 117 gold pieces.

Inventory:

Hand Weapons
 a - a +2 dagger (weapon)
Missiles
 d - 11 poisoned darts
 e - 3 curare-tipped darts
 l - 110 stones (quivered)
Armour
 b - a +0 robe
 c - a +0 cloak (worn)
 i - a +0 chain mail (worn)
 k - a +0 kite shield
 m - a +0 buckler of protection (worn)
 q - a +0 helmet
Scrolls
 g - a scroll of fog
 p - a scroll of enchant weapon {unknown}
Potions
 j - a potion of attraction


   Skills:
 * Level 3.0 Fighting
 * Level 3.5 Short Blades
 * Level 3.0 Throwing
 * Level 2.4 Dodging
 + Level 5.8 Stealth
 * Level 0.8 Shields
 + Level 0.1 Hexes
 + Level 0.3 Summonings


You had 4 spell levels left.
You didn't know any spells.
Your spell library contained the following spells:

 Spells                   Type           Power      Damage    Failure   Level
 Summon Guardian Golem    Hex/Summ       0%         N/A       100%        3
 Orb of Destruction       Conj           0%         9d5       100%        7
 Spellforged Servitor     Conj/Summ      0%         N/A       100%        7


Dungeon Overview and Level Annotations

Branches:
Dungeon (4/15)              Sewer (1/1)
 Temple: D:4-7

Altars:

Annotations:
D:4 Grinder


Innate Abilities, Weirdness & Mutations

You are small and have problems with some larger weapons.
You are completely attuned to the shadows.


Message History

You hit the adder.
The adder is moderately wounded.
The adder bites you but does no damage.
The ball python bites you but does no damage.
The ball python constricts you.
The river rat bites you but does no damage.
The adder bites you but does no damage.
The river rat bites you but does no damage.
You hit the adder.
The adder is heavily wounded.
The ball python bites you but does no damage.
The ball python constricts you. The adder bites you but does no damage.
Your unstable footing causes you to fumble your attack.
The river rat bites you!
The river rat bites you but does no damage.
The ball python bites you.
* * * LOW HITPOINT WARNING * * *
The ball python constricts you. The adder barely misses you.
You barely miss the adder.
The adder is heavily wounded.
You block the ball python's attack. The ball python constricts you.
The river rat bites you but does no damage. x2
The adder bites you.
* * * LOW HITPOINT WARNING * * *
You escape the ball python's grasp.
The adder bites you but does no damage.
The ball python bites you but does no damage.
The ball python grabs you. The ball python constricts you.
The river rat bites you.
* * * LOW HITPOINT WARNING * * *
The adder bites you but does no damage.
You escape the ball python's grasp.
The adder bites you but does no damage. The ball python completely misses you.
The ball python grabs you. The ball python constricts you.
You block the river rat's attack.
You barely miss the river rat. You block the adder's attack.
The ball python bites you but does no damage.
The ball python constricts you.
You hit the river rat.
The river rat is lightly wounded.
The adder bites you but does no damage. The river rat bites you.
You die...

#. #..
######################(..
##....≈≈≈≈≈≈≈≈≈≈≈≈≈≈≈#....
#.....≈≈≈≈≈≈≈≈≈.rr≈≈≈(....
#..∩..≈≈≈≈≈≈≈≈≈≈@S≈≈†≈....
#..∩.≈≈≈≈≈≈#≈≈≈≈≈S≈≈≈≈....
#....≈≈≈≈≈≈≈≈.≈≈≈≈≈≈≈≈...#
##....≈≈≈≈≈≈≈≈≈≈≈≈≈≈≈#.###
#######################


You could see an adder, 2 river rats and a ball python.

Vanquished Creatures
  4 adders
  A worm (D:2)
  A dart slug (D:3)
  An orc (D:3)
  3 ball pythons (D:2)
  4 endoplasms
  6 giant cockroaches
  2 goblins (D:1)
  4 hobgoblins
  A quokka (D:3)
  6 bats
  A frilled lizard (D:1)
  11 kobolds
  3 rats
48 creatures vanquished.

Vanquished Creatures (collateral kills)
  An adder (D:2)
  A kobold (D:2)
2 creatures vanquished.

Vanquished Creatures (others)
  2 withered plants (D:1)
2 creatures vanquished.

Grand Total: 52 creatures vanquished

Notes
Turn   | Place    | Note
-------+----------+-------------------------------------------
     0 | D:1      | lesaewzxc the Kobold Brigand began the quest for the Orb.
     0 | D:1      | Reached XP level 1. HP: 12/12 MP: 1/1
    84 | D:1      | Reached XP level 2. HP: 16/18 MP: 2/2
   660 | D:1      | Reached XP level 3. HP: 22/22 MP: 3/3
  1401 | D:2      | Reached XP level 4. HP: 21/27 MP: 4/4
  1956 | D:4      | Noticed Grinder
  1958 | D:4      | Paralysed by Grinder for 6 turns
  2103 | D:3      | Found a glowing drain.
  2121 | Sewer    | Entered a sewer
  2161 | Sewer    | Reached XP level 5. HP: 24/32 MP: 5/5
  2179 | Sewer    | Slain by a river rat

Illustrated notes

Levels and vault maps discovered:
D:1:      roderic_octagonal_star, layout_basic,
          ebering_ecumenical_altar_petrified
D:2:      layout_basic, kennysheep_small_spiral
D:3:      layout_loops_ring, gup_sewer_entry_pipe, minmay_misc_feat_alley,
          kennysheep_nondescript, corner_web_ring, minmay_misc_feat_nine_boxes,
          minivault_4
D:4:      layout_rooms, mainiacjoe_overflow_chevrons, nicolae_underground_beach,
          uniq_edmund, uniq_grinder, uniq_sigmund
Sewer:    sewer_minmay_w

Skill      XL: |  1  2  3  4 |
---------------+-------------+-----
Short Blades   | 3 |  3.5
Dodging        | 2 |  2.4
Throwing       | 3 |  3.0
Fighting       | 3 |  3.0
Stealth        | |  5.8
Shields        | |  0.8
Hexes          | |  0.1
Summonings     | |  0.3

Action                   |  1- 3 |  4- 6 || total
-------------------------+-------+-------++-------
Melee: Dagger            |   128 |    92 ||   220
Throw: Dart              |     2 |       ||     2
       Stone             |     1 |    10 ||    11
  Use: Scroll            |     5 |       ||     5
       Potion            |       |     8 ||     8
 Stab: Sleeping          |     2 |       ||     2
Armor: Robe              |     1 |       ||     1
       Chain mail        |   115 |   109 ||   224
Dodge: Dodged            |    36 |    36 ||    72
Block: Kite shield       |    20 |       ||    20
       Buckler           |     4 |    28 ||    32

Table legend: (Time is in decaauts)
 A = Elapsed time spent in this place.
 B = Non-inter-level travel time spent in this place.
 C = Inter-level travel time spent in this place.
 D = Time resting spent in this place.
 E = Time spent auto-exploring this place.
 F = Levels seen in this place.
 G = Mean time per level.
                   A        B        C        D        E       F      G
               +--------+--------+--------+--------+--------+-----+--------+
         Total |   2186 |   2186 |      0 |      0 |    348 |   5 |  437.2 |
       Dungeon |   2118 |   2118 |      0 |      0 |    348 |   4 |  529.5 |
         Sewer |     67 |     67 |      0 |      0 |      0 |   1 |   67.0 |
               +--------+--------+--------+--------+--------+-----+--------+

Top non-repeatable levels by time:
     D:1: 782 daAuts
     D:2: 737 daAuts
     D:3: 581 daAuts
   Sewer: 67 daAuts
     D:4: 17 daAuts
